Map: Eternal Empire LE

Players

DirtyJ

  • Race: Terran Terran
  • League: Platinum
  • Spawn Location: 1:00

MicroJFox - Winner!

  • Race: Protoss Protoss
  • League: Platinum
  • Spawn Location: 7:00

VOD

Have the link to the VOD?

Description

Time

  • Played on: March 16, 2020, 7:04 p.m.
  • Length: 9:58
Show
View Real Time Build Order
Export as new Build Order

DirtyJ Terran 

Build Orders:  

Get SALT Encoding   

  12  0:01  SCV  
  13  0:13  SCV  
  14  0:17  Supply Depot  
  14  0:25  SCV  
  15  0:39  SCV  
  15  0:40  Barracks  
  16  0:46  Refinery  
  16  0:51  SCV  
  17  1:03  SCV  
  18  1:15  SCV  
  19  1:27  SCV  
  20  1:39  Orbital Command  
  20  1:40  Reaper  
  21  1:59  Command Center  
  21  2:04  Refinery  
  21  2:06  SCV  
  22  2:12  Barracks Reactor  
  22  2:21  SCV  
  22  2:22  Supply Depot  
  23  2:32  Factory  
  23  2:44  SCV  
  24  2:48  Barracks  
  24  2:50  Marine  
  24  2:51  Marine  
  26  2:56  SCV  
  27  3:08  SCV  
  27  3:09  Marine x2  
  30  3:14  Orbital Command  
  30  3:16  Factory Tech Lab  
  30  3:20  SCV  
  30  3:21  Starport  
  31  3:32  Supply Depot, SCV  
  32  3:34  Marine  
  32  3:36  Marine  
  32  3:38  Barracks Tech Lab  
  32  3:41  SCV  
  35  3:51  SCV  
  35  3:52  Marine  
  40  4:02  Cyclone  
  39  4:04  Viking  
  39  4:06  SCV x2  
  43  4:13  Refinery  
  43  4:15  Refinery  
  43  4:18  SCV  
  43  4:19  SCV  
  43  4:21  Marine x2  
  47  4:25  Stimpack  
  47  4:32  SCV  
  47  4:33  SCV  
  49  4:45  SCV  
  50  4:47  SCV  
  50  4:49  Marine x3  
  54  4:55  Armory  
  54  4:58  SCV, Cyclone  
  58  5:02  Supply Depot  
  58  5:05  SCV, Fusion Core  
  58  5:07  Marine  
  59  5:08  Starport Tech Lab  
  59  5:10  SCV  
  61  5:18  Marine  
  62  5:24  Marine  
  62  5:25  Supply Depot  
  63  5:31  Supply Depot  
  63  5:33  Supply Depot  
  63  5:37  SCV x2, Marine  
  63  5:40  Engineering Bay  
  66  5:48  Medivac  
  66  5:49  SCV, Terran Vehicle And Ship Armor Level 1  
  69  5:50  SCV  
  69  5:55  Marine  
  69  5:56  Supply Depot, Marine  
  72  5:57  Supply Depot  
  72  6:00  Marine  
  72  6:01  SCV  
  72  6:03  Cyclone  
  77  6:11  Missile Turret, Terran Infantry Weapons Level 1  
  77  6:16  Missile Turret  
  77  6:28  SCV x2  
  77  6:29  Marine  
  77  6:30  Marine  
  77  6:31  Viking  
  77  6:32  Marine  
  83  6:33  Combat Shield  
  84  6:41  Starport  
  84  6:42  Mag-Field Accelerator  
  84  6:43  SCV  
  84  6:44  SCV  
  86  6:58  SCV x2, Marine x2  
  90  7:03  Marine  
  88  7:16  Marine, SCV x2  
  88  7:18  Starport Tech Lab  
  88  7:20  Battlecruiser  
  97  7:28  SCV  
  91  7:31  Command Center  
  91  7:44  Terran Ship Weapons Level 1  
  91  7:46  Armory  
  91  7:50  Weapon Refit  
  91  7:51  Starport  
  91  7:52  Marine  
  92  8:09  Refinery  
  92  8:10  Refinery  
  98  8:13  Battlecruiser  
  98  8:22  SCV x2  
  98  8:23  Marine x2  
  98  8:24  Marine, Viking  
  105  8:41  Marine x2  
  105  8:43  Starport Reactor  
  105  8:46  SCV x2, Marine  
  110  8:49  Orbital Command  
  110  8:53  Missile Turret  
  116  9:05  SCV  
  116  9:06  SCV  
  118  9:13  Missile Turret  
  118  9:18  SCV x2  
  120  9:25  SCV  
  120  9:27  Viking x2  
  125  9:35  Supply Depot  
  125  9:37  Supply Depot  
  125  9:38  Supply Depot  
Show
View Real Time Build Order
Export as new Build Order

MicroJFox Protoss - Winner!

Build Orders: 1 Gate Expand 

Get SALT Encoding   

  12  0:01  Probe  
  13  0:13  Probe  
  14  0:17  Pylon  
  14  0:25  Probe (Chrono Boost)  
  15  0:37  Probe (Chrono Boost)  
  15  0:38  Gateway  
  16  0:47  Probe (Chrono Boost)  
  17  0:52  Assimilator  
  17  0:59  Probe (Chrono Boost)  
  19  1:11  Probe (Chrono Boost)  
  20  1:18  Probe (Chrono Boost)  
  20  1:27  Nexus  
  20  1:31  Probe  
  21  1:41  Cybernetics Core  
  21  1:46  Assimilator  
  21  1:54  Pylon  
  21  1:59  Probe (Chrono Boost)  
  22  2:11  Probe (Chrono Boost)  
  23  2:19  Stalker  
  23  2:20  Probe (Chrono Boost)  
  25  2:26  Probe  
  25  2:38  Probe  
  25  2:41  Stargate  
  25  2:42  Probe  
  27  2:49  Gateway  
  27  2:51  Probe  
  27  2:57  Probe (Chrono Boost)  
  30  3:07  Probe (Chrono Boost)  
  30  3:09  Probe (Chrono Boost)  
  31  3:14  Stalker  
  31  3:18  Probe (Chrono Boost)  
  31  3:19  Probe (Chrono Boost)  
  35  3:24  Probe  
  35  3:25  Void Ray  
  40  3:29  Probe (Chrono Boost)  
  41  3:34  Pylon  
  41  3:36  Probe (Chrono Boost)  
  43  3:46  Probe (Chrono Boost)  
  43  3:52  Protoss Air Weapons Level 1 (Chrono Boost)  
  43  3:57  Probe  
  43  3:58  Stalker  
  43  3:59  Probe  
  47  4:05  Assimilator  
  47  4:08  Pylon  
  47  4:09  Assimilator, Probe  
  48  4:12  Forge  
  48  4:23  Fleet Beacon  
  48  4:25  Pylon  
  48  4:26  Probe (Chrono Boost)  
  50  4:35  Probe x2 (Chrono Boost)  
  51  4:43  Stalker, Probe  
  54  4:48  Probe, Pylon  
  55  4:53  Nexus  
  55  4:56  Probe  
  56  5:00  Probe  
  57  5:08  Probe  
  57  5:09  Protoss Shields Level 1 (Chrono Boost)  
  57  5:10  Stargate  
  58  5:22  Probe  
  58  5:24  Carrier (Chrono Boost)  
  58  5:28  Probe  
  66  5:32  Pylon  
  66  5:34  Probe, Pylon  
  67  5:38  Assimilator  
  67  5:40  Probe  
  68  5:46  Pylon  
  68  5:51  Carrier (Chrono Boost)  
  68  5:55  Unknown  
  74  5:58  Stalker  
  76  6:08  Probe  
  77  6:12  Assimilator  
  77  6:13  Probe  
  77  6:15  Probe  
  79  6:20  Probe  
  79  6:22  Stalker  
  83  6:25  Probe  
  83  6:35  Probe x2  
  83  6:37  Probe  
  83  6:39  Protoss Air Weapons Level 2 (Chrono Boost)  
  86  6:41  Robotics Facility  
  86  6:47  Probe x2  
  86  6:49  Probe  
  89  6:59  Probe  
  88  7:02  Nexus  
  88  7:03  Pylon  
  80  7:09  Photon Cannon  
  80  7:12  Photon Cannon  
  80  7:15  Photon Cannon, Probe (Chrono Boost)  
  83  7:20  Probe x2 (Chrono Boost)  
  83  7:21  Stalker  
  85  7:24  Probe (Chrono Boost)  
  85  7:28  Probe (Chrono Boost)  
  85  7:29  Probe x2 (Chrono Boost)  
  88  7:35  Carrier (Chrono Boost)  
  89  7:39  Probe  
  89  7:40  Probe  
  89  7:41  Probe  
  89  7:44  Twilight Council  
  102  7:51  Void Ray (Chrono Boost)  
  102  7:55  Stalker, Probe  
  105  7:58  Probe  
  105  8:02  Probe  
  107  8:08  Probe  
  108  8:13  Cybernetics Core  
  108  8:16  Observer  
  109  8:29  Carrier (Chrono Boost)  
  109  8:31  Stargate  
  109  8:32  Stargate  
  115  8:37  Observer, Pylon  
  115  8:41  Probe x3  
  123  8:52  Void Ray (Chrono Boost)  
  123  8:53  Probe x2  
  125  8:58  Observer  
  126  9:19  Assimilator  
  126  9:23  Assimilator  
  134  9:26  Stalker  
  134  9:27  Probe  
  134  9:28  Pylon  
  134  9:30  Pylon  
Tags
 
Add a new tag
Caveats
  • Supply blocks, unpowered buildings, or Contaminate may cause inaccurate times.
  • Supply counts are checked every 10 seconds.